 Dungeon Crawl Stone Soup version 0.20.1-1-g8b1a95d (webtiles) character file.

115 froobite the Ruffian (level 4, 0/44 HPs)
             Began as a Troll Berserker on Aug 2, 2017.
             Was a Believer of Trog.
             Slain by a goblin
             ... wielding a +0 club
              (6 damage)
             ... on level 2 of the Dungeon.
             The game lasted 00:05:54 (1821 turns).

froobite the Ruffian (Troll Berserker)              Turns: 1821, Time: 00:05:54

Health: 0/44       AC:  3    Str: 25    XL:     4   Next: 68%
Magic:  3/3        EV: 10    Int:  4    God:    Trog [**....]
Gold:   68         SH:  0    Dex:  9    Spells: 3/3 levels left

rFire    . . .     SeeInvis .   h - +2 spear (vamp)
rCold    . . .     Gourm    +   (no shield)
rNeg     . . .     Faith    .   (armour restricted)
rPois    .         Spirit   .   (helmet restricted)
rElec    .         Reflect  .   (no cloak)
rCorr    .         Harm     .   (gloves unavailable)
MR       ++...                  (boots unavailable)
Stlth    +.........             (no amulet)
Regen    1.6/turn               (no ring)
MPRegen  0.1/turn               (no ring)

@: berserk cooldown, regenerating
A: unfitting armour, claws 3, fast metabolism 3, gourmand, regeneration 1,
shaggy fur 1, tough skin 2
a: Berserk, Trog's Hand, Burn Spellbooks, Renounce Religion


You were on level 2 of the Dungeon.
You worshipped Trog.
Trog was pleased with you.
You were not hungry.

You visited 1 branch of the dungeon, and saw 2 of its levels.

You collected 68 gold pieces.

Inventory:

Hand Weapons
 h - a +2 vampiric spear (weapon)
 n - a +1 flail of protection
 p - a +1 dagger of venom
Missiles
 i - 5 tomahawks (quivered)
Armour
 a - a +0 animal skin
 o - a +0 robe
Jewellery
 c - a +3 ring of protection {unknown}
 e - a +5 ring of dexterity {unknown}
Potions
 d - 2 potions of curing
 j - a potion of flight {unknown}
 k - a potion of agility {unknown}
 l - 2 potions of degeneration {unknown}
 m - a potion of invisibility {unknown}
Comestibles
 b - 3 bread rations
 f - a fruit
 g - a meat ration


   Skills:
 + Level 2.9 Fighting
 + Level 1.3 Polearms
 + Level 0.1 Throwing
 + Level 3.3 Dodging
 + Level 3.5 Unarmed Combat


You had 3 spell levels left.
You didn't know any spells.

Dungeon Overview and Level Annotations

Branches:
Dungeon (2/15)

Altars:
Cheibriados
Kikubaaqudgha
Nemelex Xobeh

Annotations:
D:2 Ijyb


Innate Abilities, Weirdness & Mutations

You are too large for most types of armour.
You have claws for hands.
Your metabolism is lightning-fast.
You like to eat raw meat.
Your natural rate of healing is unusually fast.
You are covered in fur. (AC +1)
You have very tough skin. (AC +2)


Message History

* * * LOW HITPOINT WARNING * * *
The goblin hits you but does no damage. The goblin barely misses you.
Ijyb hits you but does no damage.
You hit Ijyb.
You feel better.
Ijyb is heavily wounded.
The goblin hits you with a club.
* * * LOW HITPOINT WARNING * * *
The goblin hits you with a club.
* * * LOW HITPOINT WARNING * * *
The goblin hits you with a dagger.
* * * LOW HITPOINT WARNING * * *
Ijyb barely misses you.
You barely miss Ijyb.
Ijyb is heavily wounded.
The goblin hits you but does no damage. The goblin misses you.
The goblin hits you but does no damage.
You closely miss Ijyb.
Ijyb is heavily wounded.
Ijyb misses you. The goblin hits you with a club.
You die...

#..########
####..#.##.###.#
#.........#
#.....#.##...#.#
##.........#
#.#..##.####.#.#
.....>.....#
#.......#......##
...#########
###..###........# ...#
.....###.#..###.# ...#
#####..........#.# ...#
####.....#...##.## ...#
######g@g..####....#..##
...#
.8.8.8gg#.............##
...#
........##..####...#..##
#### ..(.....##..#
###.#..## ........##..#
#.#.... ........###.##
#.##.## #### ........#
#..#####.##.## ...#
.8.8.8..# #........##.##
...##### #########
##.......##.#


You could see Ijyb and 3 goblins.

Vanquished Creatures
  Terence (D:2)
  3 adders (D:2)
  A worm (D:2)
  A dart slug (D:1)
  A leopard gecko (D:1)
  3 bats
  5 giant cockroaches
  12 goblins
  6 hobgoblins
  7 jackals
  7 frilled lizards
  5 kobolds
  2 rats
54 creatures vanquished.

Notes
Turn   | Place    | Note
-------+----------+-------------------------------------------
     0 | D:1      | froobite the Troll Berserker began the quest for the Orb.
     0 | D:1      | Reached XP level 1. HP: 22/22 MP: 0/0
   235 | D:1      | Reached XP level 2. HP: 26/29 MP: 1/1
   690 | D:1      | Reached ** piety under Trog
   690 | D:1      | Reached XP level 3. HP: 36/36 MP: 2/2
  1161 | D:2      | Found an ancient bone altar of Kikubaaqudgha.
  1309 | D:2      | Found a sparkling altar of Nemelex Xobeh.
  1315 | D:2      | Found a snail-covered altar of Cheibriados.
  1590 | D:2      | Reached XP level 4. HP: 44/44 MP: 3/3
  1647 | D:2      | Reached skill level 1 in Polearms
  1769 | D:2      | Noticed Terence
  1774 | D:2      | Killed Terence
  1799 | D:2      | Noticed Ijyb
  1803 | D:2      | Paralysed by Ijyb for 4 turns
  1821 | D:2      | Slain by a goblin

Skill      XL: |  1  2  3  4 |
---------------+-------------+-----
Dodging        | 3 |  3.3
Polearms       | 1 |  1.3
Fighting       | |  2.9
Throwing       | |  0.1
Unarmed Combat | |  3.5

Action                   |  1- 3 |  4- 6 || total
-------------------------+-------+-------++-------
Melee: Unarmed           |    44 |       ||    44
       Spear             |    90 |    48 ||   138
       Punch             |       |     1 ||     1
Throw: Tomahawk          |     4 |       ||     4
Invok: Berserk           |       |     1 ||     1
       Trog's Hand       |       |     1 ||     1
  Use: Scroll            |     4 |     2 ||     6
 Stab: Sleeping          |     1 |       ||     1
  Eat: Chunk             |     5 |     2 ||     7
       Bread ration      |     3 |       ||     3
Armor: Animal skin       |    57 |    14 ||    71
       Skin              |       |    12 ||    12
Dodge: Dodged            |    88 |    56 ||   144
